AoeStats
← Im Noob

Black Forest

510293988Analyzed
4v4 RM · 1d ago on Sep 30, 2026· 41m 55s· 8 players
Game mode
Random Map
Map size
Large (8 player)
Population
200
Speed
Normal
Resources
Standard
Victory
Conquest
Starting age
Dark Age
Ending age
Imperial Age
RankedLock teamsTeams togetherTeam positionsShared explorationLock speedFull tech treeHidden civsTurbo modeCheats
Victory
Defeat
🇨🇳 Japanese · China
1085
+14
🇨🇳 Lithuanians · China
1063
+15
🇻🇳 Franks · Vietnam
1061
+15
🇨🇳 Spanish · China
1018
+17
🇨🇳 Koreans · China
1105
-18
🇧🇷 Khmer · Brazil
1040
-15
🇨🇳 Mongols · China
1021
-14
🇨🇳 Saxons · China
1008
-14
pacoyyds
12:12 Feudal Age
12:40 Horse Collar
12:50 Double-Bit Axe
12:58 Loom
18:12 Castle Age
19:09 Heavy Plow
19:20 Bow Saw
20:55 Fervor
22:48 Forging
24:49 Wheelbarrow
29:24 Hand Cart
29:40 Stone Mining
29:42 Gold Mining
32:57 Imperial Age
31:33 Stone Shaft Mining
31:36 Iron Casting
31:04 Treadmill Crane
31:46 Ballistics
31:37 Masonry
33:09 Scale Barding Armor
33:50 Tower Shields
34:13 Conscription
33:24 Elite Leitis
35:13 Hand Cart
34:47 Town Watch
35:33 Chain Barding Armor
36:22 Crop Rotation
37:13 Two-Man Saw
Im Noob
7:46 Loom
10:30 Feudal Age
15:50 Castle Age
19:37 Scale Mail Armor
19:47 Forging
22:27 Double-Bit Axe
22:59 Horse Collar
24:34 Chain Mail Armor
25:05 Iron Casting
29:07 Wheelbarrow
赢嘤嘤嘤嘤因
1:35 Loom
10:50 Feudal Age
16:19 Castle Age
15:10 Stone Mining
15:25 Double-Bit Axe
26:38 Wheelbarrow
27:27 Ballistics
32:59 Bow Saw
35:07 Hand Cart
40:52 Imperial Age
40:43 Horse Collar
42:35 Hoardings
bthi68153
2:04 Loom
11:22 Feudal Age
16:52 Castle Age
14:41 Double-Bit Axe
15:19 Gold Mining
16:39 Stone Mining
16:45 Stone Mining
19:20 Bow Saw
25:11 Wheelbarrow
28:37 Imperial Age
26:26 Scale Barding Armor
26:55 Forging
28:47 Cavalier
29:53 Light Cavalry
31:20 Iron Casting
31:37 Chain Barding Armor
31:20 Husbandry
33:35 Blast Furnace
34:37 Chemistry
33:03 Paladin
35:35 Plate Barding Armor
死在星期八
5:04 Loom
11:36 Feudal Age
15:00 Wheelbarrow
17:24 Castle Age
16:02 Double-Bit Axe
16:00 Horse Collar
18:53 Stone Mining
23:20 Crossbowman
26:41 Heavy Plow
27:14 Gold Mining
29:12 Fletching
29:25 Padded Archer Armor
30:26 Gold Shaft Mining
TT
0:31 Loom
14:59 Feudal Age
18:29 Castle Age
16:16 Town Watch
18:17 Horse Collar
18:27 Double-Bit Axe
21:54 Wheelbarrow
35:00 Imperial Age
帝国浪子
5:55 Loom
12:31 Feudal Age
15:10 Double-Bit Axe
18:46 Castle Age
16:40 Gold Mining
16:32 Horse Collar
18:13 Fishing Lines
18:32 Stone Mining
25:56 Bow Saw
26:29 Heavy Plow
27:21 Wheelbarrow
29:13 Hand Cart
30:12 Gold Shaft Mining
32:13 Imperial Age
30:12 Fletching
31:25 Bodkin Arrow
32:10 Ballistics
31:30 Treadmill Crane
33:33 Bracer
34:09 Conscription
35:21 Chemistry
34:05 Crossbowman
34:50 Thumb Ring
34:42 Arbalester
35:26 Eupseong
36:36 Two-Man Saw
35:50 Forging
37:53 Iron Casting
37:03 Elite Fire Lancer
37:47 Squires
37:33 Arson
37:50 Scale Mail Armor
fly
0:28 Loom
13:41 Feudal Age
18:21 Castle Age
16:13 Double-Bit Axe
17:01 Horse Collar
19:32 Wheelbarrow
19:49 Bow Saw
23:40 Heavy Plow
26:07 Caravan
32:04 Imperial Age
30:46 Fletching
32:15 Bloodlines
32:30 Ballistics
32:10 Bodkin Arrow
33:18 Husbandry
33:22 Bracer
33:12 Elite Mangudai
34:16 Conscription
Connection lost

Rejoining the realm…

Still unreachable

The connection could not be restored.

Session expired

The server has moved on; the page needs a fresh start.